 Dungeon Crawl Stone Soup version 0.29.0-15-g675c0067aa (webtiles) character file.

Game seed: 7532392466408485435

417 qw the Chopper (level 6, 0/40 HPs)
             Began as a Gargoyle Fighter on Sept 12, 2022.
             Was an Initiate of Okawaru.
             Slain by Duvessa
             ... wielding a +0 short sword
              (15 damage)
             ... on level 4 of the Dungeon.
             The game lasted 00:01:28 (3568 turns).

qw the Chopper (Gargoyle Fighter)                   Turns: 3568, Time: 00:01:29

Health: 0/40       AC: 13    Str: 21    XL:     6   Next: 92%
Magic:  6/6        EV: 10    Int:  9    God:    Okawaru [......]
Gold:   174        SH:  4    Dex:  9    Spells: 5/5 levels left

rFire   + . .      SeeInvis .   Y - +2 war axe
rCold   + . .      Faith    .   c - +0 buckler
rNeg    + . .      Spirit   .   j - +2 ring mail {rC+}
rPois   inf        Reflect  .   (no helmet)
rElec   +          Harm     .   (no cloak)
rCorr   .          Rampage  .   (no gloves)
Will    .....                   m - +0 pair of boots
Stlth   ..........              (no amulet)
HPRegen 0.13/turn               l - ring of protection from fire
MPRegen 0.10/turn               (no ring)

@: no status effects
A: sickness immunity, AC +4, negative energy resistance 1, electricity
resistance, torment resistance 1, petrification resistance
a: Renounce Religion


You were on level 4 of the Dungeon.
You worshipped Okawaru.
Okawaru was noncommittal.
You visited 2 branches of the dungeon, and saw 5 of its levels.

You collected 174 gold pieces.


Innate Abilities, Weirdness & Mutations

You are immune to sickness and miasma.
Your stone body is resilient. (AC +4)
You are immune to poison.
You resist negative energy. (rN+)
You are resistant to electric shocks. (rElec)
You are resistant to unholy torment.
You are immune to petrification.


   Skills:
 - Level 4.8 Fighting
 + Level 5.5 Axes
 - Level 3.2 Armour
 - Level 1.0 Dodging
 - Level 3.2 Shields


You had 5 spell levels left.
You didn't know any spells.
Your spell library was empty.

Inventory:

Hand Weapons
 h - a +0 morningstar
 Y - a +2 war axe (weapon)
Missiles
 k - 3 boomerangs (quivered)
Armour
 c - a +0 buckler (worn)
 j - a +2 ring mail of cold resistance (worn)
 m - a +0 pair of boots (worn)
Jewellery
 l - a ring of protection from fire (left hand)
Scrolls
 a - a scroll of identify
Potions
 b - a potion of flight {unknown}
 d - a potion of might
 e - a potion of cancellation {unknown}
 f - 3 potions of curing
 g - a potion of attraction {unknown}
 i - a potion of magic {unknown}

Dungeon Overview and Level Annotations

Branches:
Dungeon (4/15)             Temple (1/1) D:4

Altars:
Ashenzari
Cheibriados
Dithmenos
Elyvilon
Gozag
Kikubaaqudgha
Makhleb
Nemelex Xobeh
Okawaru
Sif Muna
Trog
Uskayaw
Vehumet
Wu Jian
Xom
Yredelemnul
The Shining One

Annotations:
D:4 Duvessa


Message History

You slash Dowan!
Dowan is almost dead.
You hit Duvessa but do no damage. Duvessa hits you but does no damage.
Dowan hits you but does no damage.
You hit Dowan but do no damage.
Dowan is almost dead.
You hit Duvessa. You block Duvessa's attack. Dowan completely misses you.
Duvessa barely misses you. Dowan closely misses you.
You closely miss Dowan.
Dowan is almost dead.
You hit Duvessa. You block Duvessa's attack. Dowan barely misses you.
You closely miss Dowan.
Dowan is almost dead.
You closely miss Duvessa. Duvessa barely misses you. Dowan closely misses you.
You slash Dowan!
You kill Dowan!
Okawaru accepts your kill.
Duvessa screams in rage.
Duvessa goes berserk!
You hit Duvessa.
Duvessa hits you with a +0 short sword. x2; The hobgoblin barely misses you.
You hit Duvessa but do no damage.
Duvessa is moderately wounded.
You hit the hobgoblin. You block Duvessa's attack.
Duvessa hits you but does no damage. The hobgoblin completely misses you.
You barely miss the hobgoblin.
The hobgoblin is heavily wounded.
You hit Duvessa but do no damage. You block Duvessa's attack.
The hobgoblin hits you but does no damage.
Duvessa hits you but does no damage.
You slash the hobgoblin!
You kill the hobgoblin!
Okawaru accepts your kill.
You barely miss Duvessa. Duvessa completely misses you.
Duvessa hits you with a +0 short sword!
You die...

##.#~~~~## ##.#~~~~# ....
>...~~~~## .... ##.#~~~~~#.#
...e. #.#~~~~~#.# e....
##.##~~~~#.# ......
.#.##~~~~~.# #..e...
.#.##~~~~~.# ######.......
.#.###~~~~.#####@)..........
.#..88~~~~~88..#e######.#...
................[#
................##
.#..88~~~~~88..##
P######~~~~~#### ####
#~~~~~.?. .#P## #.~~~~###
....# #.~~~~~..


You could see Duvessa (berserk).

Vanquished Creatures
  A black bear (D:4)
  Dowan (D:4)
  An orc priest (D:3)
  2 iguanas (D:4)
  Terence (D:2)
  2 orc wizards (D:3)
  2 adders (D:3)
  A worm (D:1)
  A dart slug (D:3)
  7 orcs (D:3)
  8 bats
  6 endoplasms
  6 giant cockroaches
  6 goblins
  12 hobgoblins
  7 jackals
  4 quokkas
  8 ball pythons
  4 frilled lizards
  8 kobolds
  3 rats
91 creatures vanquished.

Notes
Turn   | Place    | Note
-------+----------+-------------------------------------------
     0 | D:1      | qw the Gargoyle Fighter began the quest for the Orb.
     0 | D:1      | Reached XP level 1. HP: 14/14 MP: 1/1
     0 | D:1      | 0 ||| qw: Version: 0.1-a-119-g272c26d
     0 | D:1      | 0 ||| qw: Game counter: 10788
     0 | D:1      | 0 ||| qw: Always use a shield: true
     0 | D:1      | 0 ||| qw: God list: Okawaru
     0 | D:1      | 0 ||| qw: Allow faded altars: false
     0 | D:1      | 0 ||| qw: Do Orc after D:15 true
     0 | D:1      | 0 ||| qw: Do second Lair branch before Depths: true
     0 | D:1      | 0 ||| qw: Lair rune preference: random
     0 | D:1      | 0 ||| qw: Plans: Normal, Zot, God:TSO, Crypt, Tomb, Pan,
                  | Slime, Hells, Zig, Abyss, Orb
     0 | D:1      | 0 ||| PLANNING D:1-11
   108 | D:1      | Reached skill level 2 in Axes
   115 | D:1      | Reached XP level 2. HP: 10/19 MP: 2/2
   344 | D:1      | 344 ||| Stepping ~*~*~tactically~*~*~ (stealth).
   361 | D:1      | 361 ||| Stepping ~*~*~tactically~*~*~ (stealth).
   451 | D:1      | 451 ||| Stepping ~*~*~tactically~*~*~ (stealth).
   529 | D:1      | Reached skill level 3 in Axes
   611 | D:1      | 611 ||| Stepping ~*~*~tactically~*~*~ (stealth).
   615 | D:1      | 615 ||| Stepping ~*~*~tactically~*~*~ (stealth).
   618 | D:1      | 618 ||| Stepping ~*~*~tactically~*~*~ (stealth).
   626 | D:1      | Reached XP level 3. HP: 23/23 MP: 3/3
   821 | D:1      | Found a faded altar of an unknown god.
   855 | D:1      | 855 ||| Stepping ~*~*~tactically~*~*~ (stealth).
   858 | D:1      | 858 ||| Stepping ~*~*~tactically~*~*~ (stealth).
   861 | D:1      | 861 ||| Stepping ~*~*~tactically~*~*~ (stealth).
   892 | D:1      | 892 ||| Stepping ~*~*~tactically~*~*~ (stealth).
   895 | D:1      | 895 ||| Stepping ~*~*~tactically~*~*~ (stealth).
   901 | D:1      | 901 ||| Stepping ~*~*~tactically~*~*~ (stealth).
   905 | D:1      | 905 ||| Stepping ~*~*~tactically~*~*~ (stealth).
   929 | D:1      | 929 ||| Stepping ~*~*~tactically~*~*~ (stealth).
   944 | D:1      | 944 ||| Stepping ~*~*~tactically~*~*~ (stealth).
   961 | D:1      | 961 ||| Stepping ~*~*~tactically~*~*~ (stealth).
   967 | D:1      | 967 ||| Stepping ~*~*~tactically~*~*~ (stealth).
   969 | D:1      | 969 ||| Stepping ~*~*~tactically~*~*~ (stealth).
   974 | D:1      | 974 ||| Stepping ~*~*~tactically~*~*~ (stealth).
  1000 | D:1      | 1000 ||| Stepping ~*~*~tactically~*~*~ (stealth).
  1004 | D:1      | 1004 ||| Stepping ~*~*~tactically~*~*~ (stealth).
  1005 | D:1      | 1005 ||| Stepping ~*~*~tactically~*~*~ (stealth).
  1185 | D:1      | 1185 ||| UPGRADING to +0 pair of boots.
  1190 | D:1      | 1190 ||| UPGRADING to ring of protection from fire.
  1191 | D:1      | 1191 ||| READING 3 scrolls labelled VATURH RICKO.
  1192 | D:1      | 1192 ||| READING scroll labelled FUANOIBUKOL.
  1193 | D:1      | 1193 ||| READING scroll labelled KIQUYR JAAT.
  1194 | D:1      | 1194 ||| READING scroll labelled BATORICS RUZA.
  1195 | D:1      | 1195 ||| READING 2 scrolls of identify.
  1195 | D:1      | 1195 ||| IDENTIFYING white potion
  1219 | D:2      | 1219 ||| STAIRDANCE
  1364 | D:2      | Noticed Terence
  1375 | D:2      | Killed Terence
  1376 | D:2      | Reached skill level 4 in Axes
  1376 | D:2      | Reached XP level 4. HP: 8/28 MP: 4/4
  1377 | D:2      | HP: 7/28 [jackal (2)]
  1611 | D:2      | 1611 ||| DROPPING +0 mace.
  1621 | D:2      | 1621 ||| READING scroll of enchant weapon.
  1621 | D:2      | 1621 ||| ENCHANTING +1 war axe.
  2061 | D:2      | 2061 ||| UPGRADING to +2 ring mail of cold resistance.
  2071 | D:2      | 2071 ||| DROPPING +0 scale mail.
  2072 | D:2      | 2072 ||| READING scroll labelled REIHIOFIR.
  2075 | D:2      | 2075 ||| READING scroll labelled AFFEJU EFIAMI.
  2108 | D:3      | 2108 ||| Stepping ~*~*~tactically~*~*~ (hiding).
  2116 | D:3      | Reached XP level 5. HP: 31/32 MP: 5/5
  2128 | D:3      | 2128 ||| Stepping ~*~*~tactically~*~*~ (stealth).
  2202 | D:3      | 2202 ||| FLEEEEING.
  2203 | D:3      | 2203 ||| FLEEEEING.
  2204 | D:3      | 2204 ||| FLEEEEING.
  2255 | D:3      | 2255 ||| Stepping ~*~*~tactically~*~*~ (stealth).
  2256 | D:3      | 2256 ||| Stepping ~*~*~tactically~*~*~ (stealth).
  2260 | D:3      | 2260 ||| Stepping ~*~*~tactically~*~*~ (stealth).
  2261 | D:3      | 2261 ||| Stepping ~*~*~tactically~*~*~ (stealth).
  2300 | D:3      | 2300 ||| Stepping ~*~*~tactically~*~*~ (stealth).
  2301 | D:3      | 2301 ||| Stepping ~*~*~tactically~*~*~ (stealth).
  2317 | D:3      | 2317 ||| Stepping ~*~*~tactically~*~*~ (hiding).
  2328 | D:3      | Reached skill level 5 in Axes
  2330 | D:3      | Reached skill level 1 in Dodging
  2338 | D:3      | 2338 ||| FLEEEEING.
  2344 | D:3      | 2344 ||| FLEEEEING.
  2345 | D:3      | 2345 ||| FLEEEEING.
  2346 | D:3      | 2346 ||| FLEEEEING.
  2348 | D:3      | 2348 ||| STAIRDANCE
  2416 | D:2      | 2416 ||| READING scroll labelled BUR VUKUIFI.
  2452 | D:3      | 2452 ||| Stepping ~*~*~tactically~*~*~ (stealth).
  2453 | D:3      | 2453 ||| Stepping ~*~*~tactically~*~*~ (stealth).
  2854 | D:3      | 2854 ||| Stepping ~*~*~tactically~*~*~ (hiding).
  3095 | D:3      | Reached XP level 6. HP: 38/38 MP: 6/6
  3247 | D:3      | 3247 ||| DROPPING +1 ring mail of cold resistance.
  3248 | D:3      | 3248 ||| READING scroll labelled ZOSUKHLUQEX.
  3249 | D:3      | 3249 ||| READING scroll labelled ZOFET BINOMI.
  3252 | D:4      | Noticed a black bear
  3257 | D:4      | Killed a black bear
  3258 | D:4      | 3258 ||| STAIRDANCE
  3407 | D:4      | Found a staircase to the Ecumenical Temple.
  3408 | D:4      | 3408 ||| PLANNING TEMPLE
  3415 | Temple   | Entered the Ecumenical Temple
  3419 | Temple   | 3419 ||| PLANNING D:1-11
  3422 | Temple   | Became a worshipper of Warmaster Okawaru
  3542 | D:4      | Noticed Duvessa
  3543 | D:4      | Noticed Dowan
  3544 | D:4      | 3544 ||| Stepping ~*~*~tactically~*~*~ (stealth).
  3545 | D:4      | 3545 ||| Stepping ~*~*~tactically~*~*~ (stealth).
  3547 | D:4      | 3547 ||| Stepping ~*~*~tactically~*~*~ (stealth).
  3549 | D:4      | 3549 ||| Stepping ~*~*~tactically~*~*~ (stealth).
  3550 | D:4      | 3550 ||| Stepping ~*~*~tactically~*~*~ (stealth).
  3565 | D:4      | Killed Dowan
  3568 | D:4      | Slain by Duvessa

Levels and vault maps discovered:
D:1:      scummos_arrival_star, layout_rooms, ebering_ecumenical_altar_box,
          hex_medium, chequers_serial_rivers_large_a, minmay_indecisive_spiral
D:2:      layout_rooms, kennysheep_potato, uniq_terence
D:3:      layout_loops_ring, minmay_distorted
D:4:      wander_river, layout_loops_corners,
          minmay_temple_entry_gardened_gates, uniq_duvessa
Temple:   sentei_temple_godly_chess

Skill      XL: |  1  2  3  4  5  6 |
---------------+-------------------+-----
Axes           | 2 3 4 5 |  5.5
Dodging        | 1 |  1.0
Fighting       | 4 |  4.8
Armour         | |  3.2
Shields        | |  3.2

Action                   |  1- 3 |  4- 6 || total
-------------------------+-------+-------++-------
Melee: War axe           |   116 |   135 ||   251
Throw: Boomerang         |       |    30 ||    30
  Use: Scroll            |     5 |     6 ||    11
Armor: Scale mail        |    70 |    15 ||    85
       Ring mail         |       |    52 ||    52
Dodge: Dodged            |    75 |    56 ||   131
Block: Buckler           |    27 |    26 ||    53

Table legend:
 A = Non-vault XP
 B = Vault XP
 C = Vault XP percentage of total XP
 D = Non-vault monster count
 E = Vault monster count
 F = Vault count percentage of total count
                 A         B        C        D         E       F
            +---------+---------+-------+---------+---------+-------
      Total |     484 |     114 |  19.1 |      83 |       8 |   8.8
            +---------+---------+-------+---------+---------+-------
        D:1 |      49 |       8 |  14.0 |      28 |       4 |  12.5
        D:2 |      34 |      38 |  52.8 |      19 |       2 |   9.5
        D:3 |     192 |       2 |   1.0 |      30 |       1 |   3.2
        D:4 |     209 |      66 |  24.0 |       6 |       1 |  14.3
            +---------+---------+-------+---------+---------+-------
